 Dungeon Crawl Stone Soup version 0.13-a0-2926-g9203b68 (webtiles) character file.

303 PolkaDot the Ruinous (level 5, -1/33 HPs)
             Began as a Vampire Wizard on Sept 3, 2013.
             Slain by an orc wizard
             ... wielding a +0,+0 orcish dagger
              (8 damage)
             ... on Level 4 of the Dungeon.
             The game lasted 00:13:21 (3451 turns).

PolkaDot the Ruinous (Vampire Wizard)               Turns: 3451, Time: 00:13:21

HP  -1/33        AC  2     Str  6      XL: 5   Next: 16%
MP   9/13        EV 12     Int 21      God:
Gold 145         SH  0     Dex 12      Spells:  3 memorised,  3 levels left

Res.Fire  : + . .   See Invis. : +   n - +2,+0 elf short sword
Res.Cold  : . . .   Warding    : .   a - +0 robe
Life Prot.: . . .   Conserve   : .   (no shield)
Res.Poison: .       Res.Corr.  : .   b - +0 wizard hat
Res.Elec. : .       Clarity    : .   (no cloak)
Sust.Abil.: . .     Spirit.Shd : .   (no gloves)
Res.Mut.  : .       Stasis     : .   (no boots)
Res.Rott. : .       Flight     : .   (no amulet)
Saprovore : . . .                    o - ring of protection from cold {unknown}
                                     h - ring of fire

@: regenerating quickly, about to teleport, exhausted, slowed, very slow,
slightly resistant to hostile enchantments, stealthy
A: fangs 3, see invisible, unbreathing
a: no special abilities


You were on level 4 of the Dungeon.
You were full.

You visited 1 branch of the dungeon, and saw 4 of its levels.

You collected 125 gold pieces.

Inventory:

Hand weapons
 n - a +2,+0 elven short sword (weapon)
Armour
 a - a +0 robe (worn)
 b - a +0 wizard hat (worn)
Scrolls
 f - 4 scrolls of remove curse {unknown}
 g - 9 scrolls of identify {unknown}
 i - a scroll of enchant weapon II {unknown}
 j - a scroll of curse weapon {unknown}
 k - a scroll of magic mapping {unknown}
 m - a scroll of enchant weapon I {unknown}
Jewellery
 h - a ring of fire (left hand)
 l - an uncursed ring of teleport control
 o - a ring of protection from cold (right hand) {unknown}
Potions
 q - a potion of magic
Books
 c - a book of Minor Magic

   Spells                             Type                      Level
   *Magic Dart                        Conjuration                  1
   Blink                              Translocation                2
   Call Imp                           Summoning                    2
   Repel Missiles                     Charms/Air                   2
   Slow                               Hexes                        2
   *Conjure Flame                     Conjuration/Fire             3
   *Mephitic Cloud                    Conjuration/Poison/Air       3


   Skills:
 - Level 2.1 Dodging
 - Level 3.0 Stealth
 - Level 3.0 Spellcasting
 * Level 3.8 Conjurations
   Level 1.0 Summonings
   Level 0.7 Translocations


You had 3 spell levels left.
You knew the following spells:

 Your Spells              Type           Power        Failure   Level  Hunger
a - Magic Dart            Conj           ###.         2%          1    None
d - Mephitic Cloud        Conj/Pois/Air  #.......     24%         3    ###....
s - Conjure Flame         Conj/Fire      ###.....     21%         3    ###....


Dungeon Overview and Level Annotations

Branches:
Dungeon (4/27)
 Temple: D:4-7

Altars:

Annotations:
D:2 Terence
D:3 Ijyb


Innate Abilities, Weirdness & Mutations

Your natural rate of healing is unusually fast.
You have razor-sharp teeth.*
You have supernaturally acute eyesight.
You can survive without breathing.*


Message History

The magic dart hits the orc wizard.
You kill the orc wizard!
You have reached level 5!
The orc wizard hits you with an orcish dagger.
* * * LOW HITPOINT WARNING * * *
No previous command to re-do.
Drink which item? (? for menu, Esc to quit)
Okay, then.
Read which item? (? for menu, Esc to quit)
Okay, then.
Read which item? (? for menu, Esc to quit)
As you read the scroll labeled DUDOB IRRI, it crumbles to dust.
You hear a voice calling someone else's name.
It was a scroll of random uselessness.
The orc wizard barely misses you.
Read which item? (? for menu, Esc to quit)
As you read the scroll labeled PHOBILI NITS, it crumbles to dust.
You feel strangely unstable.
It was a scroll of teleportation.
The orc wizard barely misses you. The orc wizard completely misses you.
The orc wizard hits you with an orcish dagger!
You die...

#......# #......#
#......# #####'###
#...# ###)#
#####o## #....o.#
####+#
#....@.####....(.
#......##.'.......
#......##.#
#......'%.#
#......####
#.<....# #......#
#......# ########


You could see an orc wizard (invisible) and an orc.

Vanquished Creatures
  An orc wizard (D:4)
  Jessica (D:2)
  5 adders
  A giant mite (D:1)
  An inept feature mimic (D:2)
  2 giant geckos
  An ooze (D:1)
  2 orcs
  4 giant cockroaches
  6 goblins
  4 hobgoblins
  3 jackals (D:2)
  4 kobolds
  2 quokkas (D:3)
  8 bats
  5 giant newts
  8 rats
58 creatures vanquished.

Notes
Turn   | Place    | Note
--------------------------------------------------------------
     0 | D:1      | PolkaDot, the Vampire Wizard, began the quest for the Orb.
     0 | D:1      | Reached XP level 1. HP: 11/11 MP: 6/6
    61 | D:1      | Reached skill level 1 in Conjurations
   420 | D:1      | Reached XP level 2. HP: 17/17 MP: 6/8
  1063 | D:1      | Reached XP level 3. HP: 22/22 MP: 5/10
  1068 | D:1      | Learned a level 3 spell: Conjure Flame
  1072 | D:1      | Learned a level 3 spell: Mephitic Cloud
  1215 | D:2      | Noticed Terence
  1848 | D:2      | Noticed Jessica
  1908 | D:2      | Killed Jessica
  1908 | D:2      | Reached XP level 4. HP: 24/28 MP: 9/12
  2679 | D:3      | Noticed Ijyb
  3447 | D:4      | Reached XP level 5. HP: 7/33 MP: 9/13
  3451 | D:4      | Slain by an orc wizard

Action                   |  1- 3 |  4- 6 || total
-------------------------+-------+-------++-------
Melee: Unarmed           |    55 |       ||    55
       Short sword       |       |     1 ||     1
 Cast: Magic Dart        |   114 |    71 ||   185
       Conjure Flame     |     1 |     1 ||     2
  Use: Potion            |     7 |     2 ||     9
       Scroll            |       |     2 ||     2
 Stab: Invisible         |     5 |       ||     5
